 Dungeon Crawl Stone Soup version 0.28.0-53-g5a82cb258f (webtiles) character file.

Game seed: 4496019007109711459

78 DocClef the Firebug (level 4, -2/32 HPs)
             Began as a Gnoll Fire Elementalist on July 20, 2022.
             Slain by an ogre
             ... wielding a +0 giant club
              (14 damage)
             ... on level 2 of the Dungeon.
             The game lasted 00:01:52 (2708 turns).

DocClef the Firebug (Gnoll Fire Elementalist)       Turns: 2708, Time: 00:01:52

Health: -2/32      AC: 12    Str:  8    XL:     4   Next: 36%
Magic:  9/11       EV:  3    Int: 16    God:
Gold:   63         SH:  0    Dex: 12    Spells: 10/13 levels left

rFire   + . .      SeeInvis .   e - +0 spear
rCold   . . .      Faith    .   (no shield)
rNeg    . . .      Spirit   .   k - +4 chain mail of the Valley {rF+ Regen+ Stlth+}
rPois   .          Reflect  .   (no helmet)
rElec   .          Harm     .   (no cloak)
rCorr   .          Rampage  .   (no gloves)
Will    .....                   (no boots)
Stlth   ..........              (no amulet)
HPRegen 0.90/turn               (no ring)
MPRegen 0.12/turn               (no ring)

@: very slightly contaminated
A: fangs 1, strong nose, distributed training
a: no special abilities


You were on level 2 of the Dungeon.
You visited 1 branch of the dungeon, and saw 2 of its levels.

You collected 63 gold pieces.

Inventory:

Hand Weapons
 e - a +0 spear (weapon)
Armour
 a - a +0 robe
 k - the +4 chain mail of the Valley (worn) {rF+ Regen+ Stlth+}
   (You found it on level 2 of the Dungeon)

   rF:        It protects you from fire.
   Regen:     It increases your rate of health regeneration.
   Stlth:     It makes you more stealthy.
Scrolls
 b - 2 scrolls of teleportation {unknown}
 c - a scroll of magic mapping {unknown}
 d - a scroll of identify {unknown}
 h - a scroll of noise {unknown}
Potions
 f - a potion of degeneration {unknown}
 g - 2 potions of curing {unknown}
 i - 2 potions of haste {unknown}
 j - a potion of might {unknown}


   Skills:
 + Level 1.1 Fighting
 + Level 1.1 Short Blades
 + Level 1.1 Long Blades
 + Level 1.1 Axes
 + Level 1.1 Maces & Flails
 + Level 1.1 Polearms
 + Level 1.1 Staves
 + Level 1.1 Slings
 + Level 1.1 Bows
 + Level 1.1 Crossbows
 + Level 1.1 Throwing
 + Level 1.1 Armour
 + Level 4.6 Dodging
 + Level 4.2 Stealth
 + Level 1.1 Shields
 + Level 1.1 Unarmed Combat
 + Level 5.0 Spellcasting
 + Level 2.2 Conjurations
 + Level 0.8 Hexes
 + Level 0.8 Summonings
 + Level 0.8 Necromancy
 + Level 0.8 Translocations
 + Level 0.8 Transmutations
 + Level 5.4 Fire Magic
 + Level 0.8 Ice Magic
 + Level 0.8 Air Magic
 + Level 0.8 Earth Magic
 + Level 0.8 Poison Magic
 + Level 1.2 Invocations
 + Level 1.1 Evocations


You had 10 spell levels left.
You knew the following spells:

 Your Spells              Type           Power      Damage    Failure   Level
a - Foxfire               Conj/Fire      64%        2x1d7     99%         1
b - Scorch                Fire           42%        2d7       99%         2

Your spell library contained the following spells:

 Spells                   Type           Power      Damage    Failure   Level
 Conjure Flame            Conj/Fire      16%        6-21      100%        3
 Inner Flame              Hex/Fire       14%        N/A       100%        3
 Flame Wave               Conj/Fire      16%        2d6       100%        4


Dungeon Overview and Level Annotations

Branches:
Dungeon (2/15)

Altars:


Innate Abilities, Weirdness & Mutations

You have very sharp teeth.
Your uncanny sense of smell can sniff out nearby items.
Your experience applies equally to all skills.


Message History

The bat hits you but does no damage.
You barely miss the bat. Your bite misses the bat.
The bat hits you but does no damage. The bat barely misses you.
You hit the bat.
You kill the bat!
No target in view!
No target in view!
No target in view!
No target in view!
No target in view!
No target in view!
No target in view!
No target in view!
No target in view!
No target in view!
No target in view!
No target in view!
No target in view!
No target in view!
No target in view!
No target in view!
An ogre and a rat come into view.
Found 28 arrows.
The ogre shouts!
There are monsters nearby!
There are monsters nearby!
There are monsters nearby!
You miscast Foxfire.
You are very lightly contaminated with residual magic.
Nothing appears to happen.
You miscast Foxfire.
Nothing appears to happen.
You hit the rat.
You kill the rat!
You closely miss the ogre. The ogre hits you with a +0 giant club!
You barely miss the ogre. The ogre hits you with a +0 giant club!
You are too injured to fight recklessly!
You hit the ogre.
The ogre is lightly wounded.
The ogre hits you with a +0 giant club!
You die...

#.......###.####.....
#...........#........
#.......#####........
#.......# #.....###
####'#### #.....###
##......### #........
##.........###........
#....†......##......#.
#....@.......#.....#..
#...O#####...####.....
#...#.O(.#... #......
#....#r#.# .. ##.....
#.... ... #.#..# ##...
### #...#. #.. #..#..
##. #.#..# ## #.....


You could see an ogre.

Vanquished Creatures
  4 gnolls
  An adder (D:2)
  A dart slug (D:1)
  3 bats
  5 endoplasms
  A giant cockroach (D:2)
  A goblin (D:2)
  2 hobgoblins
  7 ball pythons
  A frilled lizard (D:2)
  3 kobolds
  3 rats (D:2)
32 creatures vanquished.

Vanquished Creatures (collateral kills)
  6 foxfires (D:1)
6 creatures vanquished.

Vanquished Creatures (others)
  120 foxfires
  7 plants
127 creatures vanquished.

Grand Total: 165 creatures vanquished

Notes
Turn   | Place    | Note
-------+----------+-------------------------------------------
     0 | D:1      | DocClef the Gnoll Fire Elementalist began the quest for the
                  | Orb.
     0 | D:1      | Reached XP level 1. HP: 13/13 MP: 6/6
   448 | D:1      | Reached XP level 2. HP: 17/19 MP: 4/7
  1033 | D:1      | Reached skill level 5 in Spellcasting
  1033 | D:1      | Reached XP level 3. HP: 22/25 MP: 2/9
  1559 | D:2      | Learned a level 2 spell: Scorch
  1791 | D:2      | Reached skill level 1 in Invocations
  1870 | D:2      | Reached skill level 1 in Fighting
  1870 | D:2      | Reached skill level 1 in Short Blades
  1870 | D:2      | Reached skill level 1 in Long Blades
  1870 | D:2      | Reached skill level 1 in Axes
  1870 | D:2      | Reached skill level 1 in Maces & Flails
  1870 | D:2      | Reached skill level 1 in Polearms
  1870 | D:2      | Reached skill level 1 in Staves
  1870 | D:2      | Reached skill level 1 in Slings
  1870 | D:2      | Reached skill level 1 in Bows
  1870 | D:2      | Reached skill level 1 in Crossbows
  1870 | D:2      | Reached skill level 1 in Throwing
  1870 | D:2      | Reached skill level 1 in Armour
  1870 | D:2      | Reached skill level 1 in Shields
  1870 | D:2      | Reached skill level 1 in Unarmed Combat
  1870 | D:2      | Reached skill level 1 in Evocations
  1870 | D:2      | Reached XP level 4. HP: 12/32 MP: 2/11
  2423 | D:2      | Identified the +4 chain mail of the Valley {rF+ Regen+
                  | Stlth+}
  2701 | D:2      | Noticed an ogre
  2708 | D:2      | Slain by an ogre

Illustrated notes

Levels and vault maps discovered:
D:1:      dpeg_arrival_windows_large_door, layout_basic, nicolae_grassy_gnolls
D:2:      layout_basic, serial_forest, infiniplex_forest_zigzag_1,
          infiniplex_forest_clump_cross, infiniplex_forest_clump_medium,
          infiniplex_forest_clump_medium, infiniplex_forest_clump_small,
          nrook_mini_vaults, hangedman_decor_opposing, kennysheep_potato

Skill      XL: |  1  2  3 |
---------------+----------+-----
Conjurations   | 2 |  2.2
Spellcasting   | 5 |  5.0
Invocations    | 1 |  1.2
Fighting       | 1 |  1.1
Short Blades   | 1 |  1.1
Long Blades    | 1 |  1.1
Axes           | 1 |  1.1
Maces & Flails | 1 |  1.1
Polearms       | 1 |  1.1
Staves         | 1 |  1.1
Slings         | 1 |  1.1
Bows           | 1 |  1.1
Crossbows      | 1 |  1.1
Throwing       | 1 |  1.1
Armour         | 1 |  1.1
Shields        | 1 |  1.1
Unarmed Combat | 1 |  1.1
Evocations     | 1 |  1.1
Dodging        | |  4.6
Stealth        | |  4.2
Hexes          | |  0.8
Summonings     | |  0.8
Necromancy     | |  0.8
Translocations | |  0.8
Transmutations | |  0.8
Fire Magic     | |  5.4
Ice Magic      | |  0.8
Air Magic      | |  0.8
Earth Magic    | |  0.8
Poison Magic   | |  0.8

Action                   |  1- 3 |  4- 6 || total
-------------------------+-------+-------++-------
Melee: Unarmed           |    12 |       ||    12
       Bite              |     1 |       ||     1
       Spear             |     4 |    17 ||    21
 Cast: Foxfire           |    61 |    10 ||    71
       Scorch            |     6 |     1 ||     7
Armor: Robe              |     3 |       ||     3
       Chain mail        |       |     5 ||     5
Dodge: Dodged            |    20 |     4 ||    24
